 Dungeon Crawl Stone Soup version 0.31.0-11-ge490571c62 (webtiles) character file.

Game seed: 14375659898458598731

15 browni3141 the Slasher (level 2, -1/25 HPs)
             Began as a Barachi Monk on Feb 2, 2024.
             Succumbed to a scorpion's poison
             ... on level 4 of the Dungeon.
             The game lasted 00:01:38 (207 turns).

browni3141 the Slasher (Barachi Monk)                Turns: 207, Time: 00:01:39

Health: -1/25      AC:  6    Str: 12    XL:     2   Next: 50%
Magic:  2/2        EV: 12    Int: 10    God:
Gold:   39         SH:  0    Dex: 14    Spells: 1/1 levels left

rFire   . . .        a - +0 falchion
rCold   . . .        d - orb {light}
rNeg    . . .        g - +3 leather armour
rPois   .            (no helmet)
rElec   .            (no cloak)
rCorr   .            (no gloves)
SInv    .            (no boots)
Will    .....        (no amulet)
Stlth   +            (no ring)
HPRegen 0.24/turn    (no ring)
MPRegen 0.08/turn

%: no passive effects
@: lethally poisoned (-1 -> -20), glowing, slow
A: amphibious, slowness 1, strong legs 1, +LOS
a: Hop


You were on level 4 of the Dungeon.
You visited 1 branch of the dungeon, and saw 5 of its levels.

You collected 39 gold pieces.

Inventory:

Hand Weapons
 a - a +0 falchion (weapon)
Armour
 b - a +0 robe
 d - an orb of light (worn)
 g - a +3 leather armour (worn)
Scrolls
 h - a scroll of identify {unknown}
Potions
 c - a potion of ambrosia
 e - a potion of berserk rage {unknown}
 f - a potion of attraction {unknown}


   Skills:
 + Level 3.9 Fighting
 + Level 3.9 Long Blades
 + Level 3.6 Dodging
 * Level 0.3 Spellcasting


You had one spell level left.
You didn't know any spells.
Your spell library was empty.

Dungeon Overview and Level Annotations

Branches:
Dungeon (5/15)
 Temple: D:4-7

Altars:

Shops:
D:3 *


Innate Abilities, Weirdness & Mutations

You are amphibious.
You cover ground slowly.
You can hop short distances.
You have an extended range of vision and can be seen from far away.


Message History

The orc shouts!
A giant cockroach comes into view.
You see here a scroll labelled OSUPROEKEQ.
h - a scroll labelled OSUPROEKEQ You slash the rat!
You kill the rat!
The frilled lizard bites you but does no damage.
The frilled lizard bites you.
You hit the frilled lizard.
The frilled lizard is heavily wounded.
The frilled lizard closely misses you.
You slash the frilled lizard!
You kill the frilled lizard!
The giant cockroach bites you but does no damage.
You barely miss the giant cockroach. The giant cockroach closely misses you.
You barely miss the giant cockroach. The giant cockroach barely misses you.
You hit the giant cockroach.
The giant cockroach is heavily wounded.
The giant cockroach barely misses you.
The giant cockroach bites you but does no damage.
You slash the giant cockroach!
You kill the giant cockroach!
You hit the orc.
The orc is almost dead.
The orc barely misses you.
You slash the orc!
You kill the orc!
Found an escape hatch in the ceiling.
Items here: ) †††.
Found a stone staircase leading down.
Found Doakhl Zizy's General Store.
There is an escape hatch in the ceiling here.
There is an entrance to Doakhl Zizy's General Store here.
You can access your shopping list by pressing '$'.
There is a stone staircase leading down here.
You climb downwards.
Found a stone staircase leading down and a stone staircase leading up.
There is a stone staircase leading up here.
There is a stone staircase leading down here.
You climb downwards.
The iguana hisses angrily.
Found 30 gold pieces and a scroll labelled TECUH HOM GAU.
Found a stone staircase leading down and a stone staircase leading up.
There is a stone staircase leading up here.
A quokka comes into view.
You see here 20 gold pieces.
You now have enough gold to buy a potion of curing on D:3.
You can access your shopping list by pressing '$'.
You now have 39 gold pieces (gained 20).
Found a stone staircase leading up.
There is a stone staircase leading up here.
You climb upwards.
There is a stone staircase leading down here.
An endoplasm comes into view.
The endoplasm quivers.
The endoplasm moves out of view.
A scorpion comes into view.
You see here a +0 rapier.
The scorpion enters a dispersal trap!
The endoplasm blinks! x3; You blink.
The scorpion blinks!
You hit the endoplasm.
The endoplasm is almost dead.
The endoplasm misses you.
You hit the endoplasm.
You kill the endoplasm!
You hit the scorpion.
The scorpion is moderately wounded.
The scorpion stings you. The scorpion barely misses you.
You barely miss the scorpion.
The scorpion is moderately wounded.
The scorpion stings you but does no damage.
You hit the scorpion.
The scorpion is heavily wounded.
The scorpion barely misses you.
You hit the scorpion but do no damage.
The scorpion is heavily wounded.
The scorpion stings you. The scorpion barely misses you.
You hit the scorpion.
The scorpion is severely wounded.
The scorpion stings you but does no damage.
You barely miss the scorpion.
The scorpion is severely wounded.
The scorpion stings you.
You completely miss the scorpion.
The scorpion is severely wounded.
The scorpion barely misses you.
You hit the scorpion but do no damage.
The scorpion is severely wounded.
The scorpion stings you.
You are lethally poisoned!
The scorpion poisons you! The scorpion barely misses you.
You hit the scorpion but do no damage.
The scorpion is severely wounded.
You feel very sick. The scorpion stings you.
You are more poisoned.
The scorpion poisons you!
You barely miss the scorpion.
The scorpion is severely wounded.
You die...

............#
............#
..#........##
.........)..#
.#(...§..^##
#..###....# #
##........#...
##.s>.........
##@..........
#.....###.#..#
##....## ##
#.# #....## #
###..# ####


You could see a scorpion.

Vanquished Creatures
  An orc (D:3)
  An endoplasm (D:4)
  2 giant cockroaches (D:3)
  A goblin (D:2)
  3 jackals (D:3)
  A kobold (D:2)
  A frilled lizard (D:3)
  2 rats (D:3)
12 creatures vanquished.

Notes
Turn   | Place    | Note
-------+----------+-------------------------------------------
     0 | D:1      | browni3141 the Barachi Monk began the quest for the Orb.
     0 | D:1      | Reached XP level 1. HP: 18/18 MP: 1/1
    63 | D:4      | Noticed a water moccasin
    87 | D:3      | Reached XP level 2. HP: 19/25 MP: 2/2
   116 | D:3      | Found a faded altar of an unknown god.
   150 | D:3      | Found Doakhl Zizy's General Store.
   171 | D:4      | Noticed a phantom
   176 | D:5      | Entered Level 5 of the Dungeon
   187 | D:4      | Noticed a scorpion
   207 | D:4      | Succumbed to a scorpion's poison

Illustrated notes

Levels and vault maps discovered:
D:1:      tarquinn_simple_flora_water_b, layout_loops_ring,
          minmay_misc_feat_secret_circle
D:2:      layout_basic, basic_altar, serial_shops,
          nicolae_shop_temple_entry_statues_fountains, uniq_robin
D:3:      layout_loops_cross, serial_shops, shop,
          dreamdust_ecumenical_altar_angels_and_demons
D:4:      layout_cave_pools, mainiacjoe_overflow_alcove_2,
          gammafunk_temple_overflow_wave
D:5:      layout_rooms, nicolae_qazlal_beasts_of_the_sky, guppyfry_shop_venom

Action                     || total
---------------------------++-------
  Melee: Falchion          ||    39
 Armour: Leather armour    ||    23
         Robe              ||     1
  Dodge: Dodged            ||    39
